 Dungeon Crawl Stone Soup version 0.28-a0-667-g162e43154e (webtiles) character file.

Game seed: 18262263789797251949

776 nihil000 the Chopper (level 7, -1/63 HPs)
             Began as a Minotaur Berserker on Oct 17, 2021.
             Was a Priest of Trog.
             Slain by a black bear (3 damage)
             ... on level 5 of the Dungeon.
             The game lasted 00:08:01 (4043 turns).

nihil000 the Chopper (Minotaur Berserker)           Turns: 4043, Time: 00:08:03

Health: -1/63      AC:  3    Str: 23    XL:     7   Next: 54%
Magic:  6/6        EV: 12    Int:  4    God:    Trog [***...]
Gold:   144        SH:  0    Dex: 10    Spells: 6/6 levels left

rFire   + . .      SeeInvis .   a - +0 hand axe
rCold   + . .      Faith    .   (no shield)
rNeg    . . .      Spirit   .   b - +0 animal skin
rPois   +          Reflect  .   (helmet restricted)
rElec   +          Harm     .   (no cloak)
rCorr   +          Rampage  .   s - +0 pair of gloves
Will    .....                   (no boots)
Stlth   +.........              (no amulet)
HPRegen 0.20/turn               (no ring)
MPRegen 0.10/turn               (no ring)

@: resistant, on berserk cooldown, attractive, flying
A: horns 2, retaliatory headbutt
a: Renounce Religion, Berserk, Trog's Hand


You were on level 5 of the Dungeon.
You worshipped Trog.
Trog was most pleased with you.
You visited 1 branch of the dungeon, and saw 5 of its levels.

You collected 144 gold pieces.

Inventory:

Hand Weapons
 a - a +0 hand axe (weapon)
Armour
 b - a +0 animal skin (worn)
 s - a +0 pair of gloves (worn)
Jewellery
 p - a +4 ring of protection
Wands
 n - a wand of mindburst (22)
 u - a wand of flame (18)
Scrolls
 c - a scroll of acquirement {unknown}
 d - 2 scrolls of teleportation {unknown}
 e - a scroll of enchant weapon {unknown}
 f - 2 scrolls of brand weapon {unknown}
 g - 5 scrolls of identify {unknown}
 l - 2 scrolls of enchant armour {unknown}
 r - a scroll of vulnerability {unknown}
 t - a scroll of noise {unknown}
 w - a scroll of summoning {unknown}
Potions
 h - a potion of lignification
 o - a potion of curing {unknown}
 q - a potion of ambrosia {unknown}
 v - a potion of might {unknown}


   Skills:
 + Level 6.0 Fighting
 + Level 6.4 Axes
 - Level 3.1 Armour
 - Level 2.1 Dodging
 - Level 5.0 Evocations


You had 6 spell levels left.
You didn't know any spells.
Your spell library contained the following spells:

 Spells                   Type           Power      Damage    Failure   Level
 Malign Gateway           Summ/Tloc      0%         N/A       100%        7
 Summon Horrible Things   Summ           0%         N/A       100%        8


Dungeon Overview and Level Annotations

Branches:
Dungeon (5/15)             Temple (0/1) D:4

Altars:
Hepliaklqana
Qazlal
Wu Jian

Shops:
D:4 =


Innate Abilities, Weirdness & Mutations

You have a pair of horns on your head.
You reflexively headbutt those who attack you in melee.


Message History

You are exhausted.
You feel yourself slow down.
You start resting.
A black bear comes into view.
A black bear is nearby!
A black bear is nearby!
You see here a +0 spear.
The black bear growls angrily.
Things that are here:
a +4 spear of freezing; a +0 ring mail; a +0 kite shield Unknown command.
It was a potion of lignification.
You turn into a tree.
Your +0 pair of gloves melds into your body.
Your +0 animal skin melds into your body.
Your roots penetrate the ground.
It was a potion of cancellation.
Your magical effects are unravelling.
You feel magically purged.
You feel less wooden.
Your +0 pair of gloves unmelds from your body.
Your +0 animal skin unmelds from your body.
You feel yourself speed up.
It was a potion of flight.
You feel very buoyant.
You fly up into the air.
It was a potion of resistance.
You feel protected. The black bear bites you.
* * * LOW HITPOINT WARNING * * *
The black bear claws you.
* * * LOW HITPOINT WARNING * * *
The black bear claws you.
* * * LOW HITPOINT WARNING * * *
It was a potion of attraction.
You feel attractive to monsters. The black bear barely misses you.
You furiously retaliate!
You headbutt the black bear!
The black bear claws you but does no damage.
The black bear claws you.
You die...

.P..)...............#
.P..................###
.P.#######............#
# .P. #.....)).....#.#
.. #......))....#.# PP
########)......# .
#.##....# .
########h##.########
.......@............
########.##.#####.##
####....##.# #.##.##.#
#.#####.##.##.#
........##....####
..#####.....#....#
##......#..#.#
#............#


You could see a black bear.

Vanquished Creatures
  Sigmund (D:4)
  Edmund (D:4)
  Duvessa (D:4)
  A gnoll sergeant (D:5)
  Dowan (D:4)
  An orc priest (D:4)
  2 orc wizards (D:4)
  A hound skeleton (D:4)
  Robin (D:3)
  5 gnolls (D:5)
  4 adders
  A river rat (D:3)
  2 dart slugs (D:3)
  9 orcs
  4 bats
  8 endoplasms
  2 giant cockroaches
  10 goblins
  10 hobgoblins
  3 jackals (D:2)
  4 quokkas
  4 ball pythons
  A frilled lizard (D:1)
  9 kobolds
  6 rats
92 creatures vanquished.

Vanquished Creatures (others)
  2 bushes (D:5)
  2 plants (D:4)
4 creatures vanquished.

Grand Total: 96 creatures vanquished

Notes
Turn   | Place    | Note
-------+----------+-------------------------------------------
     0 | D:1      | nihil000 the Minotaur Berserker began the quest for the
                  | Orb.
     0 | D:1      | Reached XP level 1. HP: 19/19 MP: 0/0
   264 | D:1      | Reached XP level 2. HP: 16/27 MP: 1/1
   960 | D:2      | Reached ** piety under Trog
   967 | D:2      | Reached XP level 3. HP: 33/33 MP: 2/2
  1101 | D:2      | Found a stormy altar of Qazlal.
  1663 | D:2      | Found a faded altar of an unknown god.
  1935 | D:3      | Noticed Robin
  1970 | D:3      | Killed Robin
  1970 | D:3      | Reached *** piety under Trog
  1971 | D:3      | Reached skill level 1 in Evocations
  1971 | D:3      | Reached XP level 4. HP: 36/40 MP: 3/3
  2647 | D:4      | Found a hazy altar of Hepliaklqana.
  2723 | D:4      | Noticed Sigmund
  2746 | D:4      | Killed Sigmund
  2747 | D:4      | Reached XP level 5. HP: 16/46 MP: 4/4
  2747 | D:4      | Reached XP level 6. HP: 18/52 MP: 5/5
  3217 | D:4      | Found a staircase to the Ecumenical Temple.
  3217 | D:4      | Noticed Edmund
  3229 | D:4      | Killed Edmund
  3230 | D:4      | Reached skill level 5 in Evocations
  3230 | D:4      | Reached skill level 5 in Axes
  3329 | D:4      | Noticed Dowan
  3329 | D:4      | Noticed Duvessa
  3333 | D:4      | Killed Dowan
  3334 | D:4      | Reached skill level 5 in Fighting
  3334 | D:4      | Reached XP level 7. HP: 61/61 MP: 6/6
  3339 | D:4      | Killed Duvessa
  3616 | D:4      | Found Pisk's Jewellery Emporium.
  3900 | D:5      | Entered Level 5 of the Dungeon
  3939 | D:5      | Found an ornate altar of the Wu Jian Council.
  4042 | D:5      | HP: 2/63 [black bear (4)]
  4043 | D:5      | Slain by a black bear

Illustrated notes

Levels and vault maps discovered:
D:1:      lemuel_arrival_funnel, layout_loops_ring
D:2:      layout_basic, basic_altar, basic_ecumenical_altar
D:3:      layout_loops_ring, portal_sewer_entry_a, uniq_robin
D:4:      layout_loops_cross, nicolae_hepliaklqana_hazy_memory,
          temple_fountains, nicolae_take_the_stairs, uniq_sigmund, uniq_duvessa,
          uniq_edmund
D:5:      gammafunk_wand_slinger, layout_basic,
          mainiacjoe_overflow_cross_hatched

Skill      XL: |  1  2  3  4  5  6  7 |
---------------+----------------------+-----
Axes           | 4 5 6 |  6.4
Fighting       | 4 5 6 |  6.0
Armour         | 3 |  3.1
Evocations     | 1 4 5 |  5.0
Dodging        | |  2.1

Action                   |  1- 3 |  4- 6 |  7- 9 || total
-------------------------+-------+-------+-------++-------
Melee: Hand axe          |    72 |    72 |    28 ||   172
       Headbutt          |    11 |    11 |     4 ||    26
Invok: Berserk           |     1 |     5 |     1 ||     7
  Use: Potion            |       |       |     5 ||     5
 Stab: Sleeping          |       |       |     1 ||     1
Armor: Animal skin       |     8 |    16 |     1 ||    25
Dodge: Dodged            |    40 |    26 |    21 ||    87

Table legend: (Time is in decaauts)
 A = Elapsed time spent in this place.
 B = Non-inter-level travel time spent in this place.
 C = Inter-level travel time spent in this place.
 D = Time resting spent in this place.
 E = Time spent auto-exploring this place.
 F = Levels seen in this place.
 G = Mean time per level.
                   A        B        C        D        E       F      G
               +--------+--------+--------+--------+--------+-----+--------+
         Total |   4105 |   4042 |     63 |    680 |   2692 |   5 |  821.0 |
       Dungeon |   4105 |   4042 |     63 |    680 |   2692 |   5 |  821.0 |
               +--------+--------+--------+--------+--------+-----+--------+

Top non-repeatable levels by time:
     D:4: 1427 daAuts
     D:1: 956 daAuts
     D:3: 835 daAuts
     D:2: 743 daAuts
     D:5: 142 daAuts
